 Dungeon Crawl Stone Soup version 0.29-a0-1065-g47a6bb87d6 (webtiles) character file.

Game seed: 6742897200017299182

11922 greasedhog the Basher (level 11, 0/68 HPs)
             Began as a Gargoyle Wanderer on Aug 18, 2022.
             Was an Elder of Qazlal.
             Slain by a cane toad (13 damage)
             ... on level 1 of the Lair of Beasts.
             The game lasted 00:14:45 (11819 turns).

greasedhog the Basher (Gargoyle Wanderer)          Turns: 11819, Time: 00:14:46

Health: 0/68       AC: 27    Str: 17    XL:     11   Next: 85%
Magic:  17/17      EV:  9    Int: 13    God:    Qazlal [****..]
Gold:   136        SH: 11    Dex: 12    Spells: 12/12 levels left

rFire   . . .      SeeInvis .   q - +7 whip of Wuen {vorpal, rC+ Stlth+}
rCold   + . .      Faith    .   e - +2 buckler
rNeg    + + .      Spirit   .   I - +1 plate armour {Will+}
rPois   ∞          Reflect  .   u - +0 helmet
rElec   +          Harm     .   y - +0 cloak
rCorr   .          Rampage  .   (no gloves)
Will    +....                   b - +0 pair of boots
Stlth   ..........              (no amulet)
HPRegen 0.21/turn               j - +4 ring of evasion
MPRegen 0.15/turn               o - ring of positive energy

@: repel missiles
A: sickness immunity, AC +8, negative energy resistance 1, electricity
resistance, torment resistance 1, petrification resistance
a: Renounce Religion, Upheaval, Elemental Force


You were on level 1 of the Lair of Beasts.
You worshipped Qazlal.
Qazlal was greatly pleased with you.
You visited 3 branches of the dungeon, and saw 12 of its levels.
You also visited: Ossuary.

You collected 496 gold pieces.
You spent 360 gold pieces at shops.

Inventory:

Hand Weapons
 q - the +7 whip of Wuen (weapon) {vorpal, rC+ Stlth+}
   (You found it on level 2 of the Dungeon)

   It inflicts extra damage upon your enemies.
   rC:        It protects you from cold.
   Stlth:     It makes you more stealthy.
Armour
 b - a +0 pair of boots (worn)
 e - a +2 buckler (worn)
 u - a +0 helmet (worn)
 y - a +0 cloak (worn)
 I - a +1 plate armour of willpower (worn)
Jewellery
 j - a +4 ring of evasion (left hand)
 o - a ring of positive energy (right hand)
Wands
 x - a wand of flame (35)
 A - a wand of polymorph (3)
 D - a wand of acid (3)
 E - a wand of iceblast (1)
 G - a wand of digging (7)
Scrolls
 g - 3 scrolls of teleportation
 n - a scroll of fog
 r - 2 scrolls of poison
 s - 3 scrolls of blinking
 v - 3 scrolls of fear
 w - a scroll of torment
 B - a scroll of enchant weapon
 H - 3 scrolls of identify
Potions
 a - 3 potions of brilliance {unknown}
 c - 3 potions of berserk rage
 d - 2 potions of mutation {unknown}
 f - 2 potions of lignification
 h - a potion of magic {unknown}
 i - 4 potions of cancellation {unknown}
 k - a potion of haste {unknown}
 l - 5 potions of attraction {unknown}
 m - a potion of invisibility {unknown}
 p - 7 potions of curing {unknown}
 t - 4 potions of heal wounds {unknown}
 z - a potion of flight {unknown}
 C - a potion of degeneration {unknown}
 F - 2 potions of ambrosia {unknown}
 J - 2 potions of might


   Skills:
 * Level 8.2 Fighting
 - Level 12.0 Maces & Flails
 - Level 10.0 Armour
 - Level 4.3 Stealth
 - Level 2.1 Shields
 - Level 1.0 Spellcasting
 - Level 1.0 Air Magic
 * Level 8.6 Invocations
 - Level 1.0 Evocations


You had 12 spell levels left.
You didn't know any spells.
Your spell library contained the following spells:

 Spells                   Type           Power      Damage    Failure   Level
 Poisonous Vapours        Pois/Air       2%         N/A       100%        2
 Static Discharge         Conj/Air       1%         3-4/arc   100%        2
 Conjure Flame            Conj/Fire      0%         6-21      100%        3
 Ignite Poison            Fire/Tmut/Pois 0%         N/A       100%        3
 Portal Projectile        Hex/Tloc       0%         N/A       100%        3
 Tukima's Dance           Hex            0%         N/A       100%        3
 Sticky Flame             Conj/Fire      0%         2d3       100%        4
 Blade Hands              Tmut           0%         N/A       100%        5
 Lightning Bolt           Conj/Air       0%         1d11      100%        5
 Maxwell's Capacitive Co  Air            1%         ∞         100%        8


Dungeon Overview and Level Annotations

Branches:
Dungeon (10/15)            Temple (1/1) D:5            Lair (1/5) D:10
Ossuary (visited)
    Orc: D:9-12

Altars:
Ashenzari
Cheibriados
Dithmenos
Elyvilon
Fedhas
Gozag
Hepliaklqana
Kikubaaqudgha
Makhleb
Nemelex Xobeh
Okawaru
Qazlal
Ru
Sif Muna
Trog
Uskayaw
Vehumet
Wu Jian
Xom
Yredelemnul
Zin
The Shining One

Shops:
D:3 =   D:8 [   D:9 :


Innate Abilities, Weirdness & Mutations

You are immune to sickness and miasma.
Your stone body is resilient. (AC +8)
You are immune to poison.
You resist negative energy. (rN+)
You are resistant to electric shocks. (rElec)
You are resistant to unholy torment.
You are immune to petrification.


Message History

You whack the black mamba!
The black mamba is almost dead.
The black mamba barely misses you.
You closely miss the black mamba.
The black mamba is almost dead.
The black mamba bites you. You block the cane toad's attack.
You hit the black mamba.
You kill the black mamba!
Qazlal accepts your kill. The cane toad closely misses you.
Your Fighting skill increases to level 8!
You whack the cane toad!
The cane toad is severely wounded.
The cane toad closely misses you.
You hit the cane toad but do no damage.
The cane toad is severely wounded.
The cane toad stings you! x2
* * * LOW HITPOINT WARNING * * *
You whack the cane toad!
The cane toad is almost dead.
The cane toad stings you.
* * * LOW HITPOINT WARNING * * *
You hit the cane toad.
You kill the cane toad!
Qazlal accepts your kill.
You hit the cane toad but do no damage. The cane toad barely misses you.
You hit the cane toad but do no damage. The cane toad stings you.
* * * LOW HITPOINT WARNING * * *
You hit the cane toad but do no damage. You hit the cane toad but do no damage.
You block the cane toad's attack.
You closely miss the cane toad. You block the cane toad's attack.
You whack the cane toad!
The cane toad is lightly wounded.
You barely miss the cane toad.
The cane toad is lightly wounded.
The cane toad stings you but does no damage.
You hit the cane toad.
The cane toad is moderately wounded.
The cane toad stings you!
You die...

.♣.♣.PP ..........
....♣.P #.........#
.P...♣.##..........
...P.P.............
P.....PP.......>.[.
.....P†............
......P..☼○........
.###..P.....○......
#.P.P.°†@.§.....
#.....○F........
.....P..#########.
...P....#
......P..#
......)..#
..♣...... .♣....


You could see a cane toad.

Vanquished Creatures
  Erolcha (D:9)
  A centaur warrior (D:10)
  Pikel (D:7)
  A harpy (D:8)
  A cyclops (D:10)
  2 black mambas (Lair:1)
  Psyche (D:9)
  A cane toad (Lair:1)
  Maggie (D:6)
  An unseen horror (D:10)
  2 unseen horror zombies (D:9)
  A komodo dragon (D:10)
  2 wyverns
  A shadow (D:10)
  15 yaks
  A basilisk (D:9)
  An acid dragon (D:9)
  A water moccasin (D:8)
  A sky beast (D:8)
  3 black bears
  2 orc warriors
  3 ice beasts
  2 centaurs
  A lemure (D:7)
  A kobold brigand (D:9)
  5 bullfrogs
  A necrophage (D:4)
  6 water moccasin zombies (Ossuary)
  16 wights
  5 killer bees (D:8)
  8 howler monkeys
  3 electric eels (D:9)
  2 centaur zombies (D:9)
  6 hounds
  A jelly (D:5)
  3 orc priests
  6 orc wizards
  2 iguanas
  3 mummies
  2 howler monkey zombies (D:9)
  7 gnolls
  5 adders
  3 white imps
  8 adder zombies (Ossuary)
  A worm (D:2)
  7 dart slugs
  13 orcs
  8 ball pythons
  6 endoplasms
  3 giant cockroaches
  4 gnoll zombies (Ossuary)
  15 goblins
  10 hobgoblins
  3 jackals (D:1)
  3 quokkas (D:3)
  6 bats
  2 frilled lizards (D:3)
  A hobgoblin zombie (Ossuary)
  10 kobolds
  8 kobold zombies
  4 orc zombies (Ossuary)
  6 rats
250 creatures vanquished.

Vanquished Creatures (others)
  20 fungi (D:4)
  9 plants (Lair:1)
29 creatures vanquished.

Grand Total: 279 creatures vanquished

Notes
Turn   | Place    | Note
-------+----------+-------------------------------------------
     0 | D:1      | greasedhog the Gargoyle Wanderer began the quest for the
                  | Orb.
     0 | D:1      | greasedhog set off with the following items: a +0 club, a
                  | +0 pair of boots, a potion of berserk rage, a +0 robe, a +2
                  | buckler; and the following spells available to memorise:
                  | Poisonous Vapours, Static Discharge.
     0 | D:1      | Reached XP level 1. HP: 12/12 MP: 2/2
   385 | D:1      | Reached skill level 1 in Maces & Flails
   385 | D:1      | Reached XP level 2. HP: 11/17 MP: 3/3
   844 | D:1      | Found a faded altar of an unknown god.
  1186 | D:1      | Reached XP level 3. HP: 21/21 MP: 4/4
  1667 | D:2      | Reached skill level 2 in Maces & Flails
  1814 | D:2      | Identified the +7 whip of Wuen {vorpal, rC+ Stlth+}
  1859 | D:2      | Reached XP level 4. HP: 27/27 MP: 5/5
  2520 | D:3      | Reached skill level 3 in Maces & Flails
  2532 | D:3      | Reached XP level 5. HP: 12/33 MP: 6/6
  3033 | D:3      | Found Xaigg's Jewellery Shop.
  3489 | D:4      | Found a glowing silver altar of Zin.
  3768 | D:4      | Reached XP level 6. HP: 29/39 MP: 7/7
  3944 | D:4      | Reached skill level 4 in Maces & Flails
  3953 | D:4      | Found a radiant altar of Vehumet.
  3961 | D:4      | Reached skill level 5 in Fighting
  4064 | D:4      | Found a shadowy altar of Dithmenos.
  4352 | D:5      | Entered Level 5 of the Dungeon
  4507 | D:5      | Found a staircase to the Ecumenical Temple.
  4516 | Temple   | Entered the Ecumenical Temple
  4810 | Temple   | Became a worshipper of Qazlal Stormbringer
  4919 | D:5      | Noticed a vampire
  4919 | D:5      | Noticed a water moccasin
  4920 | D:5      | Noticed a gargoyle
  5011 | D:5      | Noticed a black bear
  5123 | D:5      | Noticed an ice beast
  5134 | D:5      | Killed an ice beast
  5135 | D:5      | Reached XP level 7. HP: 40/45 MP: 8/8
  5186 | D:5      | Reached skill level 5 in Maces & Flails
  5186 | D:5      | Reached skill level 1 in Armour
  5741 | D:6      | Reached skill level 6 in Maces & Flails
  5741 | D:6      | Reached XP level 8. HP: 49/51 MP: 9/9
  6164 | D:6      | Noticed Maggie
  6184 | D:6      | Killed Maggie
  6185 | D:6      | Reached skill level 7 in Maces & Flails
  6185 | D:6      | Reached skill level 5 in Armour
  6599 | D:7      | Found a sand-covered staircase.
  6606 | Ossuary  | Entered an ossuary
  6654 | Ossuary  | Reached * piety under Qazlal
  6837 | Ossuary  | Reached XP level 9. HP: 43/55 MP: 10/10
  7029 | D:7      | Noticed Prince Ribbit
  7037 | D:7      | Noticed Prince Ribbit
  7037 | D:7      | Prince Ribbit changed into Prince Ribbit the ice beast
  7045 | D:7      | Killed Prince Ribbit the ice beast
  7046 | D:7      | Reached skill level 8 in Maces & Flails
  7175 | D:7      | Found an ancient bone altar of Kikubaaqudgha.
  7216 | D:7      | Noticed Pikel
  7235 | D:7      | Killed Pikel
  7409 | D:7      | Found a shimmering altar of Xom.
  7444 | D:7      | Reached skill level 9 in Maces & Flails
  7770 | D:8      | Reached ** piety under Qazlal
  7997 | D:8      | Reached XP level 10. HP: 60/60 MP: 11/11
  8012 | D:8      | Reached skill level 10 in Maces & Flails
  8123 | D:8      | Reached skill level 10 in Armour
  8285 | D:8      | Found Xuaxkeli's Armour Shoppe.
  8293 | D:8      | Bought a +0 plate armour of willpower for 360 gold pieces
  8333 | D:8      | Noticed Joseph
  8340 | D:8      | Noticed Joseph
  8340 | D:8      | Joseph changed into Joseph the harpy
  8348 | D:8      | Killed Joseph the harpy
  9012 | D:9      | Noticed Erolcha
  9039 | D:9      | Killed Erolcha
  9040 | D:9      | Reached skill level 11 in Maces & Flails
  9225 | D:9      | Reached skill level 5 in Invocations
  9225 | D:9      | Reached XP level 11. HP: 50/64 MP: 14/14
  9229 | D:9      | Reached *** piety under Qazlal
  9546 | D:9      | Found a hide-covered altar of Uskayaw.
  9684 | D:9      | Reached skill level 12 in Maces & Flails
 10010 | D:9      | Found a sacrificial altar of Ru.
 10115 | D:9      | Found Heavvit's Tremendous Tomes.
 10192 | D:9      | Noticed Psyche
 10199 | D:9      | Killed Psyche
 10329 | D:10     | Entered Level 10 of the Dungeon
 10329 | D:10     | Noticed a centaur warrior
 10345 | D:10     | Killed a centaur warrior
 10717 | D:10     | Found a staircase to the Lair.
 10847 | D:10     | Noticed a cyclops
 10878 | D:10     | Killed a cyclops
 11344 | D:10     | Reached **** piety under Qazlal
 11690 | D:10     | Identified the +11 plate armour "Ziysh" {rPois SInv}
 11783 | Lair:1   | Entered Level 1 of the Lair of Beasts
 11819 | Lair:1   | Slain by a cane toad

Illustrated notes

Levels and vault maps discovered:
D:1:      dpeg_arrival_rooms_c, layout_basic, ebering_ecumenical_altar_webs
D:2:      layout_loops_ring, minmay_tromino_v4_b
D:3:      layout_rooms, serial_shops, nicolae_shop_statue_plus,
          hangedman_abyss_or_decor_stabs, minivault_26
D:4:      layout_loops_ring, mainiacjoe_overflow_six_doors_small,
          mainiacjoe_overflow_cross_hatched,
          mainiacjoe_overflow_concentric_impassable, chequers_garden,
          minmay_goblin_outpost
D:5:      layout_cave_pools, minmay_temple_entry_mist,
          ebering_dispersal_statue_hall, grunt_ministairs_5, abandoned_shop,
          chequers_decorated_corner, minmay_splitting_lines,
          lightli_corner_chamber
D:6:      layout_loops_ring, uniq_maggie
D:7:      layout_basic, nicolae_ossuary_entry_giza, hangedman_feature_mirror,
          uniq_pikel, uniq_prince_ribbit1
D:8:      layout_loops_corners, nrook_mini_backslash, chequers_mini_garden,
          minmay_shop_grid_forest, uniq_joseph
D:9:      layout_cave_pods, nicolae_ru_sacrificial_ziggurat,
          mainiacjoe_overflow_brackets, serial_undead, serial_undead_a,
          serial_undead_b, serial_undead_a, serial_undead_e, nicolae_wwwww,
          nicolae_shop_i_like_big_books, disabler_island, uniq_erolcha,
          uniq_psyche
D:10:     layout_gridville, david_lair_generic, st_stairs_12,
          chequers_serial_rivers_large_a
Temple:   minmay_temple_bridge_d
Lair:1:   wad_woods_settlement, layout_big_grid, nicolae_lair_lil_pond

Skill      XL: |  1  2  3  4  5  6  7  8  9 10 11 |
---------------+----------------------------------+-----
Maces & Flails | 1 2 3 4 6 7 9 11 12 | 12.0
Fighting       | 2 3 4 5 8 |  8.2
Armour         | 3 6 8 10 | 10.0
Invocations    | 5 8 |  8.6
Stealth        | |  4.3
Shields        | |  2.1
Spellcasting   | |  1.0
Air Magic      | |  1.0
Evocations     | |  1.0

Action                   |  1- 3 |  4- 6 |  7- 9 | 10-12 || total
-------------------------+-------+-------+-------+-------++-------
Melee: Club              |    30 |       |       |       ||    30
       Mace              |    97 |       |       |       ||    97
       Flail             |     1 |       |       |       ||     1
       Whip              |       |   168 |   293 |   438 ||   899
Invok: Upheaval          |       |       |       |     1 ||     1
Evoke: Wand              |       |       |    11 |    11 ||    22
  Use: Scroll            |     4 |     3 |     5 |     1 ||    13
       Potion            |       |       |       |     1 ||     1
 Stab: Sleeping          |     8 |     6 |     4 |       ||    18
Armor: Robe              |    42 |       |       |       ||    42
       Leather armour    |       |    21 |       |       ||    21
       Ring mail         |       |    19 |    21 |       ||    40
       Acid dragon scale |       |       |    49 |    10 ||    59
       Plate armour      |       |       |       |   155 ||   155
Dodge: Dodged            |    81 |    71 |   117 |   104 ||   373
Block: Buckler           |    41 |    34 |    44 |   130 ||   249

Table legend: (Time is in decaauts)
 A = Elapsed time spent in this place.
 B = Non-inter-level travel time spent in this place.
 C = Inter-level travel time spent in this place.
 D = Time resting spent in this place.
 E = Time spent auto-exploring this place.
 F = Levels seen in this place.
 G = Mean time per level.
                   A        B        C        D        E       F      G
               +--------+--------+--------+--------+--------+-----+--------+
         Total |  11630 |  11127 |    503 |   1610 |   7637 |  13 |  894.6 |
       Dungeon |  10920 |  10556 |    364 |   1610 |   7211 |  10 | 1092.0 |
        Temple |    363 |    224 |    139 |      0 |    212 |   1 |  363.0 |
          Lair |     23 |     23 |      0 |      0 |      0 |   1 |   23.0 |
       Ossuary |    322 |    322 |      0 |      0 |    214 |   1 |  322.0 |
               +--------+--------+--------+--------+--------+-----+--------+

Top non-repeatable levels by time:
     D:9: 1616 daAuts
     D:1: 1582 daAuts
     D:8: 1182 daAuts
    D:10: 1143 daAuts
     D:3: 1014 daAuts
     D:5: 976 daAuts
     D:2: 904 daAuts
     D:4: 891 daAuts
     D:6: 863 daAuts
     D:7: 744 daAuts
  Temple: 363 daAuts
 Ossuary: 322 daAuts
  Lair:1: 23 daAuts
